Map: Blackburn LE

Players

Vanya

  • Race: Zerg Zerg

MaxPax - Winner!

  • Race: Protoss Protoss

Event: DreamHack SC2 Masters 2021 Winter

VOD

Have the link to the VOD?

Description

Time

  • Played on: Oct. 9, 2021, 1:40 p.m.
  • Length: 8:49

All games in this series

Show
View Real Time Build Order
Export as new Build Order

Vanya Zerg 

Build Orders: Hatch First 

Get SALT Encoding   

  12  0:00  Drone  
  13  0:12  Overlord  
  13  0:16  Drone  
  14  0:30  Drone x2  
  16  0:48  Hatchery  
  15  0:51  Drone  
  15  0:54  Drone  
  17  0:58  Drone  
  18  1:08  Extractor  
  17  1:13  Spawning Pool  
  17  1:17  Drone  
  17  1:20  Drone  
  18  1:28  Drone  
  19  1:38  Drone  
  20  1:48  Overlord  
  20  2:00  Queen x2  
  20  2:01  Zergling x4  
  26  2:11  Drone x2  
  26  2:12  Metabolic Boost  
  28  2:21  Drone x2  
  30  2:36  Hatchery  
  29  2:39  Drone  
  29  2:41  Drone  
  31  2:47  Queen  
  33  2:52  Overlord  
  33  2:55  Drone  
  33  2:57  Drone  
  35  2:59  Drone  
  36  3:11  Drone  
  36  3:12  Drone x3  
  40  3:13  Drone  
  40  3:16  Drone  
  42  3:20  Overlord  
  42  3:25  Queen  
  44  3:34  Overlord  
  44  3:37  Queen  
  44  3:41  Drone, Overlord  
  47  3:49  Zergling x8, Spore Crawler  
  47  3:55  Spore Crawler  
  49  3:58  Zergling x10  
  49  4:01  Drone  
  55  4:04  Drone x2  
  55  4:07  Spore Crawler  
  56  4:13  Drone x3  
  59  4:18  Drone x3  
  61  4:25  Drone x2  
  61  4:28  Overlord  
  61  4:30  Queen  
  63  4:33  Drone  
  63  4:38  Overlord  
  63  4:40  Drone x3  
  65  4:47  Lair  
  65  4:51  Drone x4  
  67  4:56  Overlord  
  66  5:02  Drone x3  
  66  5:03  Drone  
  66  5:05  Drone  
  70  5:08  Extractor  
  70  5:09  Extractor  
  70  5:14  Zergling x6  
  70  5:25  Drone x3  
  70  5:28  Extractor x2  
  71  5:29  Queen x2  
  71  5:31  Zergling x2  
  71  5:32  Zergling x4  
  71  5:35  Drone x2  
  77  5:36  Hatchery  
  77  5:37  Drone  
  77  5:38  Drone  
  72  5:45  Drone x3  
  73  5:50  Hydralisk Den, Extractor  
  73  5:54  Drone x3  
  74  5:57  Queen  
  74  6:00  Drone  
  77  6:09  Queen, Overlord  
  77  6:10  Queen  
  81  6:11  Drone x3  
  81  6:12  Drone x2  
  85  6:22  Grooved Spines  
  85  6:23  Overlord x2  
  84  6:40  Hydralisk x7  
  84  6:41  Hydralisk  
  98  6:48  Drone  
  99  6:55  Pneumatized Carapace  
  99  6:59  Overlord  
  99  7:04  Hydralisk  
  99  7:05  Hydralisk x5  
  110  7:10  Overlord  
  110  7:11  Overlord  
  109  7:16  Overlord  
  109  7:17  Hydralisk  
  109  7:18  Hydralisk x2  
  109  7:22  Drone x3  
  112  7:27  Spore Crawler  
  108  7:33  Muscular Augments  
  108  7:35  Hydralisk x3  
  113  7:44  Hydralisk x4  
  121  7:58  Hydralisk x4  
  121  8:01  Hydralisk  
  131  8:07  Hydralisk  
  131  8:08  Hydralisk  
  134  8:15  Hydralisk x3  
  140  8:23  Hydralisk x3  
Show
View Real Time Build Order
Export as new Build Order

MaxPax Protoss - Winner!

Build Orders: 1 Gate Expand, Oracle Opening 

Get SALT Encoding   

  12  0:00  Probe  
  13  0:12  Probe  
  14  0:19  Pylon  
  14  0:24  Probe  
  15  0:37  Probe (Chrono Boost)  
  15  0:40  Gateway  
  16  0:47  Probe (Chrono Boost)  
  17  0:50  Assimilator  
  17  0:52  Probe (Chrono Boost)  
  18  1:03  Probe  
  19  1:16  Probe  
  20  1:30  Nexus  
  20  1:39  Cybernetics Core  
  20  1:43  Probe  
  21  1:47  Assimilator  
  21  1:55  Probe  
  21  1:57  Pylon  
  22  2:07  Probe (Chrono Boost)  
  23  2:15  Adept  
  25  2:19  Probe (Chrono Boost)  
  25  2:21  Stargate  
  26  2:26  Probe (Chrono Boost)  
  27  2:31  Warp Gate  
  27  2:35  Probe (Chrono Boost)  
  28  2:42  Probe (Chrono Boost)  
  29  2:45  Adept  
  29  2:51  Probe x2 (Chrono Boost)  
  33  2:56  Void Ray (Chrono Boost), Probe (Chrono Boost)  
  33  2:57  Probe  
  39  3:08  Probe  
  39  3:10  Probe  
  41  3:14  Pylon  
  41  3:20  Gateway, Probe  
  41  3:22  Probe  
  43  3:29  Oracle (Chrono Boost)  
  43  3:32  Probe  
  47  3:34  Probe  
  48  3:44  Probe  
  48  3:47  Probe  
  50  3:54  Nexus  
  50  3:57  Probe, Pylon  
  50  3:59  Probe  
  52  4:04  Assimilator  
  52  4:08  Assimilator  
  52  4:09  Probe  
  53  4:11  Probe  
  53  4:17  Void Ray (Chrono Boost)  
  54  4:19  Adept  
  54  4:21  Probe  
  57  4:27  Protoss Air Weapons Level 1, Forge  
  57  4:28  Probe  
  58  4:33  Zealot  
  60  4:39  Shield Battery  
  60  4:42  Probe, Shield Battery  
  60  4:47  Shield Battery  
  60  4:48  Zealot  
  62  4:59  Pylon  
  62  5:01  Void Ray (Chrono Boost)  
  62  5:06  Zealot  
  66  5:18  Stargate  
  66  5:19  Zealot, Probe x2  
  68  5:25  Probe  
  69  5:31  Probe (Chrono Boost)  
  69  5:34  Void Ray  
  68  5:35  Zealot  
  68  5:37  Probe (Chrono Boost)  
  68  5:40  Probe (Chrono Boost)  
  76  5:48  Shield Battery  
  76  5:49  Probe x2 (Chrono Boost)  
  79  5:53  Probe (Chrono Boost)  
  79  5:54  Probe (Chrono Boost)  
  79  5:56  Adept, Probe (Chrono Boost)  
  83  5:57  Assimilator  
  83  5:58  Assimilator  
  83  6:01  Probe  
  83  6:03  Probe, Pylon  
  85  6:10  Robotics Facility  
  85  6:11  Void Ray  
  85  6:14  Pylon  
  85  6:18  Probe x2  
  85  6:21  Probe  
  85  6:23  Adept x2  
  85  6:25  Pylon  
  90  6:26  Void Ray (Chrono Boost)  
  90  6:27  Pylon  
  90  6:30  Probe x2  
  96  6:33  Probe  
  97  6:42  Probe x2  
  97  6:44  Stargate  
  97  6:46  Probe  
  100  6:47  Fleet Beacon  
  100  6:48  Adept x2, Void Ray (Chrono Boost)  
  102  6:54  Probe x2  
  108  7:04  Pylon  
  108  7:08  Pylon  
  108  7:10  Robotics Bay  
  108  7:12  Adept x2  
  108  7:25  Pylon  
  108  7:27  Photon Cannon  
  108  7:28  Photon Cannon  
  108  7:30  Photon Cannon  
  108  7:31  Tempest (Chrono Boost)  
  118  7:39  Tempest (Chrono Boost)  
  118  7:41  Tempest (Chrono Boost)  
  123  7:48  Photon Cannon  
  123  7:50  Shield Battery  
  123  7:51  Photon Cannon  
  123  7:53  Pylon  
  123  7:55  Disruptor (Chrono Boost)  
  119  8:03  Photon Cannon  
  119  8:04  Sentry, Shield Battery  
  119  8:05  Sentry  
  126  8:06  Photon Cannon  
  131  8:19  Photon Cannon  
  129  8:22  Pylon  

Tags
 
Add a new tag
Caveats
  • Supply blocks, unpowered buildings, or Contaminate may cause inaccurate times.
  • Supply counts are checked every 10 seconds.